 Dungeon Crawl Stone Soup version 0.30-a0-123-g91d0c66ccf (webtiles) character file.

Game seed: 12823530634880173381

392 KittyKat the Trooper (level 6, 0/41 HPs)
             Began as a Gargoyle Monk on Sept 18, 2022.
             Was a Priest of Trog.
             Slain by an ogre
             ... wielding a +0 giant club
              (16 damage)
             ... on level 4 of the Dungeon.
             The game lasted 00:07:08 (3431 turns).

KittyKat the Trooper (Gargoyle Monk)                Turns: 3431, Time: 00:07:09

Health: 0/41       AC: 10    Str: 17    XL:     6   Next: 80%
Magic:  6/6        EV: 10    Int: 10    God:    Trog [***...]
Gold:   175        SH:  0    Dex: 12    Spells: 5/5 levels left

rFire   + . .      SeeInvis .    n - +7 club
rCold   + . .      Faith    .    (no shield)
rNeg    + . .      Spirit   .    e - +0 scale mail
rPois   ∞          Reflect  .    (no helmet)
rElec   +          Harm     .    s - scarf {rC+ rF+}
rCorr   .          Rampage  .    (no gloves)
Will    .....                    (no boots)
Stlth   +.........               (no amulet)
HPRegen 0.13/turn                (no ring)
MPRegen 0.10/turn                (no ring)

@: no status effects
A: sickness immunity, AC +4, negative energy resistance 1, electricity
resistance, torment resistance 1, petrification resistance
a: Renounce Religion, Berserk, Trog's Hand


You were on level 4 of the Dungeon.
You worshipped Trog.
Trog was most pleased with you.
You visited 1 branch of the dungeon, and saw 4 of its levels.

You collected 175 gold pieces.

Inventory:

Hand Weapons
 n - a +7 club (weapon)
Armour
 e - a +0 scale mail (worn)
 s - a scarf of resistance (worn)
Jewellery
 i - an amulet of faith
Scrolls
 d - 5 scrolls of noise {unknown}
 h - 3 scrolls of identify {unknown}
 k - a scroll of fear {unknown}
 o - a scroll of blinking {unknown}
 p - 2 scrolls of enchant armour {unknown}
 r - a scroll of enchant weapon {unknown}
Potions
 a - a potion of degeneration {unknown}
 b - a potion of flight {unknown}
 c - 2 potions of ambrosia
 f - 2 potions of invisibility {unknown}
 g - 2 potions of curing {unknown}
 j - a potion of cancellation {unknown}
 l - a potion of brilliance {unknown}
 m - a potion of berserk rage {unknown}
 q - a potion of resistance {unknown}


   Skills:
 * Level 6.1 Fighting
 * Level 5.6 Maces & Flails
 - Level 2.4 Dodging
 - Level 2.1 Stealth


You had 5 spell levels left.
You didn't know any spells.
Your spell library was empty.

Dungeon Overview and Level Annotations

Branches:
Dungeon (4/15)
 Temple: D:4-7

Altars:
Elyvilon
Fedhas
Makhleb
Trog

Shops:
D:3 :

Annotations:
D:4 3 runed translucent doors, sirJeffrey23's ghost, novice DrMo


Innate Abilities, Weirdness & Mutations

You are immune to sickness and miasma.
Your stone body is resilient. (AC +4)
You are immune to poison.
You resist negative energy. (rN+)
You are resistant to electric shocks. (rElec)
You are resistant to unholy torment.
You are immune to petrification.


Message History

Found an escape hatch in the floor.
There is an open door here.
There is an open door here.
Key pressed, stopping explore.
There is an open door here.
An adder and an ogre come into view.
The adder hisses angrily.
The ogre shouts!
The adder bites you. The adder bites you but does no damage.
You hit the adder.
The adder is moderately wounded.
The adder closely misses you.
You miss the adder.
The adder is moderately wounded.
The adder bites you but does no damage.
You barely miss the adder.
The adder is moderately wounded.
The adder misses you. The adder bites you but does no damage.
You sock the adder!
You kill the adder!
Trog accepts your kill.
You thump the ogre!
The ogre is moderately wounded.
The ogre barely misses you.
You barely miss the ogre.
The ogre is moderately wounded.
The ogre hits you with a +0 giant club!
You barely miss the ogre.
The ogre is moderately wounded.
You barely miss the ogre.
The ogre is moderately wounded.
The ogre hits you with a +0 giant club!
You hit the ogre.
The ogre is heavily wounded.
The ogre closely misses you.
You hit the ogre but do no damage.
The ogre is heavily wounded.
You sock the ogre!
The ogre is severely wounded.
The ogre hits you with a +0 giant club!
You die...

######....# #.........#
#.####.##.#
#####.#..#.####.#
....#.#.#.......#
###'#.#........##
......#.#.#.#.....
......###.#.########.#.#
................@O.....#
......#.#.....#.####.###
........................
#.......#.⌠.⌠.#.####.###
'...............#
#.......#.....#.#
#######...._....+
#.#.....#.# #.........#


You could see an ogre.

Vanquished Creatures
  Sigmund (D:2)
  Jessica (D:2)
  An iguana (D:4)
  Natasha (thrice) (D:3)
  4 adders
  2 worms (D:4)
  3 dart slugs
  An orc (D:3)
  8 ball pythons
  4 endoplasms
  4 giant cockroaches
  2 goblins (D:1)
  7 hobgoblins
  7 kobolds
  A quokka (D:2)
  2 bats
  5 frilled lizards
  5 rats
61 creatures vanquished.

Notes
Turn   | Place    | Note
-------+----------+-------------------------------------------
     0 | D:1      | KittyKat the Gargoyle Monk began the quest for the Orb.
     0 | D:1      | Reached XP level 1. HP: 14/14 MP: 1/1
   149 | D:1      | Reached XP level 2. HP: 19/19 MP: 2/2
   646 | D:1      | Found a faded altar of an unknown god.
   652 | D:1      | Prayed at the altar of an unknown god.
   652 | D:1      | Became a worshipper of Trog the Wrathful
   652 | D:1      | Reached * piety under Trog
   652 | D:1      | Reached ** piety under Trog
  1180 | D:2      | Reached XP level 3. HP: 24/24 MP: 3/3
  1184 | D:2      | Reached *** piety under Trog
  1185 | D:2      | Reached skill level 4 in Fighting
  1383 | D:2      | Noticed Sigmund
  1414 | D:2      | Killed Sigmund
  1415 | D:2      | Reached skill level 5 in Fighting
  1415 | D:2      | Reached skill level 5 in Maces & Flails
  1415 | D:2      | Reached XP level 4. HP: 12/31 MP: 4/4
  1415 | D:2      | Reached XP level 5. HP: 14/35 MP: 5/5
  1614 | D:2      | Noticed Jessica
  1623 | D:2      | Killed Jessica
  1624 | D:2      | Reached XP level 6. HP: 14/40 MP: 6/6
  2397 | D:3      | Found a blossoming altar of Fedhas.
  2402 | D:3      | Found a burning altar of Makhleb.
  2502 | D:3      | Noticed Natasha
  2510 | D:3      | Killed Natasha
  2584 | D:3      | Noticed Natasha
  2590 | D:3      | Killed Natasha
  2604 | D:3      | Noticed Natasha
  2606 | D:3      | Found Teupas's Book Boutique.
  2613 | D:3      | Killed Natasha
  2633 | D:3      | Reached skill level 6 in Fighting
  3198 | D:4      | Found a runed translucent gate.
  3198 | D:4      | Found a runed translucent gate.
  3198 | D:4      | Found a runed translucent gate.
  3213 | D:4      | Noticed sirJeffrey23's ghost (novice DrMo)
  3250 | D:4      | Found a white marble altar of Elyvilon.
  3431 | D:4      | Slain by an ogre

Illustrated notes

Levels and vault maps discovered:
D:1:      dpeg_arrival_lava_temple_mockup, layout_basic,
          shapermc_ecumenical_altar_hornbeckon, chequers_serial_rivers_micro_d
D:2:      layout_basic, uniq_jessica, uniq_sigmund
D:3:      layout_loops_cross, mainiacjoe_overflow_catwalk_spiral, serial_shops,
          nicolae_shop_hallway_plus, uniq_natasha
D:4:      layout_basic, elyvilon_altar_5, gammafunk_ghost_necromancy

Skill      XL: |  1  2  3  4  5  6 |
---------------+-------------------+-----
Fighting       | 5 6 |  6.1
Maces & Flails | 5 |  5.6
Dodging        | |  2.4
Stealth        | |  2.1

Action                   |  1- 3 |  4- 6 || total
-------------------------+-------+-------++-------
Melee: Mace              |   107 |     4 ||   111
       Club              |       |    91 ||    91
       Punch             |       |     1 ||     1
Invok: Berserk           |     2 |     3 ||     5
  Use: Potion            |     1 |       ||     1
Armor: Scale mail        |    64 |    40 ||   104
Dodge: Dodged            |    61 |    43 ||   104

Table legend: (Time is in decaauts)
 A = Elapsed time spent in this place.
 B = Non-inter-level travel time spent in this place.
 C = Inter-level travel time spent in this place.
 D = Time resting spent in this place.
 E = Time spent auto-exploring this place.
 F = Levels seen in this place.
 G = Mean time per level.
                   A        B        C        D        E       F      G
               +--------+--------+--------+--------+--------+-----+--------+
         Total |   3530 |   3518 |     12 |    597 |   2077 |   4 |  882.5 |
       Dungeon |   3530 |   3518 |     12 |    597 |   2077 |   4 |  882.5 |
               +--------+--------+--------+--------+--------+-----+--------+

Top non-repeatable levels by time:
     D:2: 1170 daAuts
     D:1: 1015 daAuts
     D:3: 804 daAuts
     D:4: 539 daAuts
